cohdb
Replays
Latest Replays
All Replays
Popular Replays
Top Player Replays
Match Explorer
How It Works
Community
CoH3 Stats
Reddit
Sign in to upload your games and track your stats! →
Sign in with Steam
Match 42258130
Unlisted
Match 42258130
Overview
Messages
Build Orders
End
Construct Barracks
Selects Special Operations Battlegroup
Selects M29 Weasel Recon Vehicle
M29 Weasel Recon Vehicle
Riflemen Squad
Riflemen Squad
Riflemen Squad
Infantry Support Center
Riflemen Squad
M1918 Browning Automatic Rifles
Grenade Package
Construct Motor Pool
M24 Chaffee Light Tank
Selects P-47 Anti-Infantry Loiter
Engineer Squad
Selects Raiding Flares
Survival Training
Advanced Logistics
P-47 Anti-Infantry Loiter
Selects SSF Commando Squad
SSF Commando Squad
Guru
Karl Müller
Carius
Lord Parmigiano
0
0
Comments
sign in to comment!
No comments posted yet!